 Dungeon Crawl Stone Soup version 0.22-a0-447-gee5f723 (webtiles) character file.

2288 wazuzu the Covered (level 9, -6/67 HPs)
             Began as a Gnoll Wanderer on June 3, 2018.
             Was a Follower of the Shining One.
             Killed by the air
             ... invoked by Gastronok
              (15 damage)
             ... on level 8 of the Dungeon.
             The game lasted 00:18:46 (8510 turns).

wazuzu the Covered (Gnoll Wanderer)                 Turns: 8510, Time: 00:18:47

Health: -6/67      AC: 12    Str: 16    XL:     9   Next: 39%
Magic:  15/15      EV: 12    Int: 16    God:    the Shining One [*.....]
Gold:   439        SH:  6    Dex: 21    Spells: 16/16 levels left

rFire    . . .     SeeInvis .   l - +1 spear (venom)
rCold    . . .     Gourm    .   c - +0 buckler
rNeg     . . .     Faith    .   a - +3 scale mail
rPois    .         Spirit   .   (no helmet)
rElec    .         Reflect  .   (no cloak)
rCorr    .         Harm     .   r - +0 pair of gloves
MR       +....                  (no boots)
Stlth    +.........             (no amulet)
HPRegen  0.21/turn              D - +6 ring of dexterity
MPRegen  0.14/turn              n - ring of protection from magic

@: hasted, glowing, very quick
A: distributed training, fangs 1, strong nose
a: Renounce Religion


You were on level 8 of the Dungeon.
You worshipped the Shining One.
The Shining One was aware of your devotion.
You were very hungry.

You visited 2 branches of the dungeon, and saw 9 of its levels.

You collected 439 gold pieces.

Inventory:

Hand Weapons
 k - a +0 trident
 l - a +1 spear of venom (weapon)
Armour
 a - a +3 scale mail (worn)
 c - a +0 buckler (worn)
 r - a +0 pair of gloves (worn)
 s - a +0 shield of reflection
Jewellery
 n - a ring of protection from magic (right hand)
 D - a +6 ring of dexterity (left hand)
Wands
 o - a wand of polymorph (9)
 u - a wand of iceblast (4)
 z - a wand of disintegration (15)
Scrolls
 e - a scroll of blinking {unknown}
 h - 3 scrolls of teleportation
 i - a scroll of remove curse
 p - 3 scrolls of identify
 q - a scroll of amnesia
 w - 2 scrolls of fear
 A - a scroll of enchant weapon {unknown}
 C - a scroll of summoning {unknown}
Potions
 b - a potion of brilliance {unknown}
 f - a potion of agility
 g - 2 potions of curing
 t - a potion of resistance {unknown}
 v - a potion of ambrosia {unknown}
 B - a potion of mutation {unknown}
Comestibles
 d - 13 rations


   Skills:
 + Level 4.9 Fighting
 + Level 4.1 Short Blades
 + Level 4.1 Long Blades
 + Level 4.1 Axes
 + Level 4.1 Maces & Flails
 + Level 7.8 Polearms
 + Level 4.1 Staves
 + Level 4.1 Slings
 + Level 4.1 Bows
 + Level 4.1 Crossbows
 + Level 4.1 Throwing
 + Level 7.8 Armour
 + Level 4.1 Dodging
 + Level 4.8 Stealth
 + Level 6.2 Shields
 + Level 4.1 Unarmed Combat
 + Level 4.1 Spellcasting
 + Level 3.4 Conjurations
 + Level 3.4 Hexes
 + Level 3.4 Charms
 + Level 3.4 Summonings
 + Level 3.4 Necromancy
 + Level 3.4 Translocations
 + Level 3.4 Transmutations
 + Level 3.4 Fire Magic
 + Level 3.4 Ice Magic
 + Level 3.4 Air Magic
 + Level 3.4 Earth Magic
 + Level 3.4 Poison Magic
 + Level 4.5 Invocations
 + Level 4.1 Evocations


You had 16 spell levels left.
You didn't know any spells.
Your spell library was empty.

Dungeon Overview and Level Annotations

Branches:
Dungeon (8/15)             Temple (1/1) D:5
   Lair: D:8-11

Altars:
Ashenzari
Cheibriados
Dithmenos
Fedhas
Gozag
Hepliaklqana
Makhleb
Nemelex Xobeh
Okawaru
Qazlal
Ru
Sif Muna
Vehumet
Xom
Yredelemnul
Zin
The Shining One

Shops:
D:6 (

Annotations:
D:8 ArgaWasAlreadyTaken's ghost, novice MiFi; Gastronok


Innate Abilities, Weirdness & Mutations

Your experience applies equally to all skills.
You have very sharp teeth.
Your uncanny sense of smell can sniff out nearby items.


Message History

You bite Gastronok, but do no damage.
Gastronok is severely wounded.
Gastronok's eyestalks quiver as he mumbles some strange words.
Your legs wobble like jelly.
You hit the river rat but do no damage.
The river rat is poisoned.
The river rat closely misses you.
You hit the river rat but do no damage.
The river rat looks as sick as possible!
You bite the river rat, but do no damage.
You block the river rat's attack. The river rat closely misses you.
Gastronok chants a spell, wobbling all the while.
The river rat bites you.
* * * LOW HITPOINT WARNING * * *
The river rat disappears in a puff of smoke!
The quokka disappears in a puff of smoke!
The river rat closely misses you.
Gastronok waves his eye-stalks in wide circles.
The air twists around and strikes you!
You die...

∆ #.... ####....# #....
###+##....... #....
#......##... #.... #.
#......##..# #....
#..###......##..# #....
.?..........##..#########....
.........<....r.!............
...>...$....@.br.w.§.........
............#.r§###§§........
.........####.§?###..##......
.........#.....§O.O..##......
.......#.............##......
#......#........###.###......
#######.........# #.# #######
.........# ... ∆ .........#
.... ##


You could see Gastronok, a two-headed ogre, 2 river rats, a bat and a rat.

Vanquished Creatures
  An orc warrior (D:7)
  A sky beast (D:6)
  A phantom (D:6)
  2 ogres
  5 centaurs
  The ghost of ArgaWasAlreadyTaken the Shield-Bearer, a weakling MiFi (D:3)
  3 killer bees (D:7)
  3 wights (D:6)
  A howler monkey (D:8)
  2 crimson imps
  A jelly (D:3)
  3 orc priests
  A centaur zombie (D:6)
  3 hounds
  A gnoll shaman (D:7)
  2 bullfrog skeletons
  3 iron imps (D:4)
  5 worker ants
  5 orc wizards
  An iguana (D:4)
  A hound skeleton (D:8)
  11 gnolls
  12 adders
  3 worms
  2 dart slugs
  4 leopard geckos
  18 orcs
  4 bats
  5 giant cockroaches
  6 goblins
  7 hobgoblins
  10 jackals
  5 quokkas
  3 ball pythons
  5 frilled lizards
  7 kobolds
  6 rats
154 creatures vanquished.

Notes
Turn   | Place    | Note
-------+----------+-------------------------------------------
     0 | D:1      | wazuzu the Gnoll Wanderer began the quest for the Orb.
     0 | D:1      | wazuzu set off with: a +2 scale mail, a +0 spear, a potion of lignification, a ration
     0 | D:1      | Reached XP level 1. HP: 17/17 MP: 1/1
   137 | D:1      | Reached XP level 2. HP: 22/23 MP: 2/2
   727 | D:2      | Reached XP level 3. HP: 23/28 MP: 3/3
   818 | D:2      | Reached skill level 1 in Invocations
  1162 | D:2      | Reached skill level 1 in Short Blades
  1162 | D:2      | Reached skill level 1 in Long Blades
  1162 | D:2      | Reached skill level 1 in Axes
  1162 | D:2      | Reached skill level 1 in Maces & Flails
  1162 | D:2      | Reached skill level 1 in Staves
  1162 | D:2      | Reached skill level 1 in Slings
  1162 | D:2      | Reached skill level 1 in Bows
  1162 | D:2      | Reached skill level 1 in Crossbows
  1162 | D:2      | Reached skill level 1 in Throwing
  1162 | D:2      | Reached skill level 1 in Dodging
  1162 | D:2      | Reached skill level 1 in Unarmed Combat
  1162 | D:2      | Reached skill level 1 in Spellcasting
  1162 | D:2      | Reached skill level 1 in Evocations
  1162 | D:2      | Reached XP level 4. HP: 27/34 MP: 5/5
  1565 | D:3      | Reached skill level 1 in Conjurations
  1565 | D:3      | Reached skill level 1 in Hexes
  1565 | D:3      | Reached skill level 1 in Charms
  1565 | D:3      | Reached skill level 1 in Summonings
  1565 | D:3      | Reached skill level 1 in Necromancy
  1565 | D:3      | Reached skill level 1 in Translocations
  1565 | D:3      | Reached skill level 1 in Transmutations
  1565 | D:3      | Reached skill level 1 in Fire Magic
  1565 | D:3      | Reached skill level 1 in Ice Magic
  1565 | D:3      | Reached skill level 1 in Air Magic
  1565 | D:3      | Reached skill level 1 in Earth Magic
  1565 | D:3      | Reached skill level 1 in Poison Magic
  1924 | D:3      | Reached XP level 5. HP: 38/40 MP: 6/6
  2108 | D:3      | Noticed ArgaWasAlreadyTaken's ghost (weakling MiFi)
  2170 | D:3      | Killed ArgaWasAlreadyTaken's ghost
  2562 | D:3      | Reached XP level 6. HP: 47/47 MP: 8/8
  3100 | D:4      | Reached skill level 5 in Shields
  3969 | D:4      | Found a burning altar of Makhleb.
  4025 | D:4      | Reached XP level 7. HP: 52/52 MP: 10/10
  4158 | D:4      | Found a blossoming altar of Fedhas.
  4550 | D:5      | Entered Level 5 of the Dungeon
  4912 | D:5      | Found a staircase to the Ecumenical Temple.
  5007 | Temple   | Entered the Ecumenical Temple
  5064 | Temple   | Became a worshipper of the Shining One
  5582 | D:6      | Reached XP level 8. HP: 31/60 MP: 12/12
  5836 | D:6      | Found Mucanleo's Weapon Shop.
  6586 | D:6      | Reached * piety under the Shining One
  6885 | D:7      | Reached XP level 9. HP: 66/66 MP: 14/14
  7162 | D:7      | Found a deep blue altar of Sif Muna.
  7419 | D:7      | Found a snail-covered altar of Cheibriados.
  7753 | D:8      | Noticed ArgaWasAlreadyTaken's ghost (novice MiFi)
  7906 | D:8      | Noticed a two-headed ogre
  7909 | D:8      | Noticed Gastronok
  8510 | D:8      | Killed from afar by Gastronok

Vault maps used:
D:1:      kilobyte_arrival_exit_the_forest, skrybe_limestone_x,
          nrook_loot_triangle
D:4:      demons_altar, fedhas_altar_fruit_tree
D:5:      lemuel_temple_firewalk_b, first_ration
D:6:      serial_shops, shop, grunt_ministairs_9
D:7:      lemuel_doored_altar, nicolae_overflow_crystal_walls
D:8:      uniq_joseph, uniq_gastronok
Temple:   nicolae_temple_god_jail

Skill      XL: |  1  2  3  4  5  6  7  8  9 |
---------------+----------------------------+-----
Invocations    | 1 2 3 4 |  4.5
Short Blades   | 1 2 3 4 |  4.1
Long Blades    | 1 2 3 4 |  4.1
Axes           | 1 2 3 4 |  4.1
Maces & Flails | 1 2 3 4 |  4.1
Staves         | 1 2 3 4 |  4.1
Slings         | 1 2 3 4 |  4.1
Bows           | 1 2 3 4 |  4.1
Crossbows      | 1 2 3 4 |  4.1
Throwing       | 1 2 3 4 |  4.1
Dodging        | 1 2 3 4 |  4.1
Unarmed Combat | 1 2 3 4 |  4.1
Spellcasting   | 1 2 3 4 |  4.1
Evocations     | 1 2 3 4 |  4.1
Conjurations   | 1 2 3 |  3.4
Hexes          | 1 2 3 |  3.4
Charms         | 1 2 3 |  3.4
Summonings     | 1 2 3 |  3.4
Necromancy     | 1 2 3 |  3.4
Translocations | 1 2 3 |  3.4
Transmutations | 1 2 3 |  3.4
Fire Magic     | 1 2 3 |  3.4
Ice Magic      | 1 2 3 |  3.4
Air Magic      | 1 2 3 |  3.4
Earth Magic    | 1 2 3 |  3.4
Poison Magic   | 1 2 3 |  3.4
Fighting       | 3 4 |  4.9
Stealth        | 3 4 |  4.8
Shields        | 5 6 |  6.2
Polearms       | 7 |  7.8
Armour         | 7 |  7.8

Action                   |  1- 3 |  4- 6 |  7- 9 || total
-------------------------+-------+-------+-------++-------
Melee: Spear             |   100 |   307 |   242 ||   649
       Bite              |     7 |    28 |    66 ||   101
       Trident           |       |    49 |   233 ||   282
Evoke: Wand              |       |       |     2 ||     2
  Use: Potion            |       |     5 |     4 ||     9
       Scroll            |       |     4 |     7 ||    11
  Eat: Chunk             |       |     9 |    11 ||    20
       Ration            |       |       |     1 ||     1
Armor: Scale mail        |    30 |    80 |   132 ||   242
       Skin              |       |    10 |       ||    10
Dodge: Dodged            |    22 |    95 |   182 ||   299
Block: Shield            |       |    41 |       ||    41
       Buckler           |       |       |   111 ||   111

Table legend:
 A = Spawn XP
 B = Non-spawn XP
 C = Spawn XP percentage of total XP
 D = Spawn monster count
 E = Non-spawn monster count
 F = Spawn count percentage of total count
 G = Total turns spent on level
                    A         B        C        D         E        F      G
               +---------+---------+-------+---------+---------+-------+---------
         Total |       0 |    3269 |   0.0 |       0 |     154 |   0.0 |  8510
               +---------+---------+-------+---------+---------+-------+---------
           D:1 |       0 |      24 |   0.0 |       0 |      14 |   0.0 |   695
           D:2 |       0 |      66 |   0.0 |       0 |      19 |   0.0 |   720
           D:3 |       0 |     296 |   0.0 |       0 |      39 |   0.0 |  1392
           D:4 |       0 |     394 |   0.0 |       0 |      13 |   0.0 |  1743
           D:5 |       0 |      91 |   0.0 |       0 |       4 |   0.0 |   695
           D:6 |       0 |    1426 |   0.0 |       0 |      42 |   0.0 |  1677
           D:7 |       0 |     807 |   0.0 |       0 |      14 |   0.0 |  1230
           D:8 |       0 |     165 |   0.0 |       0 |       9 |   0.0 |   286
               +---------+---------+-------+---------+---------+-------+---------
